 Dungeon Crawl Stone Soup version 0.27.1-34-g3ba077fa99 (webtiles) character file.

Game seed: 8622308488147045781

65 Delamore the Ducker (level 3, -2/15 HPs)
             Began as a Felid Transmuter on Jan 21, 2022.
             Slain by an orc priest (5 damage)
             ... on level 2 of the Dungeon.
             The game lasted 00:02:23 (2370 turns).

Delamore the Ducker (Felid Transmuter)              Turns: 2370, Time: 00:02:24

Health: -2/15      AC:  1    Str:  6    XL:     3   Next: 94%
Magic:  6/7        EV: 18    Int: 14    God:
Gold:   80         SH:  0    Dex: 17    Spells: 5/6 levels left
                                        Lives:  0   Deaths: 0

rFire    . . .     SeeInvis +     - Unarmed
rCold    . . .     Faith    .   (shield unavailable)
rNeg     . . .     Spirit   .   (armour unavailable)
rPois    .         Reflect  .   (helmet unavailable)
rElec    .         Harm     .   (cloak unavailable)
rCorr    .         Rampage  .   (gloves unavailable)
Will     +....                  (boots unavailable)
Stlth    +++.......             (no amulet)
HPRegen  0.05/turn              a - ring of willpower
MPRegen  0.10/turn              (no ring)

@: appendages, quick
A: horns 2, very small, claws 1, fangs 3, see invisible, speed 1, shaggy fur 1,
stealthy paws, no weapons or thrown items, no armour, multi-lived
a: End Transformation


You were on level 2 of the Dungeon.
You had temporarily grown beastly horns.
You visited 1 branch of the dungeon, and saw 2 of its levels.

You collected 80 gold pieces.

Inventory:

Jewellery
 a - a ring of willpower (left paw)
Scrolls
 b - a scroll of blinking {unknown}
 d - a scroll of fear {unknown}


   Skills:
 - Level 1.0 Fighting
 + Level 3.7 Dodging
 * Level 3.4 Stealth
 + Level 3.5 Unarmed Combat
 - Level 2.0 Spellcasting
 - Level 2.1 Transmutations


You had 5 spell levels left.
You knew the following spells:

 Your Spells              Type           Power      Damage    Failure   Level
a - Beastly Appendage     Tmut           14%        N/A       10%         1

Your spell library contained the following spells:

 Spells                   Type           Power      Damage    Failure   Level
 Wereblood                Tmut           7%         N/A       14%         2
 Spider Form              Tmut/Pois      2%         N/A       41%         3
 Dazzling Flash           Conj/Hex       2%         N/A       56%         3
 Ice Form                 Ice/Tmut       4%         N/A       83%         4
 Iskenderun's Mystic Bla  Conj/Tloc      1%         2d3       93%         4
 Starburst                Conj/Fire      0%         6d3       100%        6


Dungeon Overview and Level Annotations

Branches:
Dungeon (2/15)

Altars:


Innate Abilities, Weirdness & Mutations

You have temporarily grown beastly horns.
You have sharp claws.
You have razor-sharp teeth.
You have supernaturally acute eyesight. (SInv)
You cover ground quickly. (Speed+)
You are covered in fur. (AC +1)
Your paws help you pounce on unaware monsters.
You are incapable of wielding weapons or throwing items.
You cannot wear armour.
You gain extra lives every three experience levels.


Message History

You kill the orc!
You start resting.
HP restored.
You climb downwards.
There is a stone staircase leading up here.
The orc wizard barely misses you.
You scratch the orc wizard.
The orc wizard is lightly wounded.
The orc wizard misses you.
You scratch the orc wizard.
The orc wizard is heavily wounded.
The orc wizard hits you with a +0 dagger.
You scratch the orc wizard.
The orc wizard is severely wounded.
The orc wizard closely misses you.
You scratch the orc wizard.
The orc wizard is severely wounded.
The orc wizard hits you but does no damage.
You scratch the orc wizard. You bite the orc wizard.
You kill the orc wizard!
Your Stealth skill increases to level 3!
You start resting.
An orc priest is nearby!
The orc priest shouts!
There is an escape hatch in the floor here.
The orc priest closely misses you.
You scratch the orc priest.
The orc priest is lightly wounded.
The orc priest hits you with a +0 short sword.
You are too injured to fight recklessly!
You scratch the orc priest.
The orc priest is heavily wounded.
The orc priest hits you with a +0 short sword.
* * * LOW HITPOINT WARNING * * *
Sorry, you're not good enough to have a special ability.
Casting: Beastly Appendage (safe; 10% risk of failure)
Confirm with . or Enter, or press ? or * to list all spells.
You grow a pair of large bovine horns.
The orc priest hits you with a +0 short sword.
You die...

#o###########..#..#
####....[........###.#
#.............####..#..#
#.####.######.# ##...##
#.# #.# #.# ##### #.#
#.## #.# #.# #..# #.#
#.# #.o# #.# ### #.#
#.@# #.# #.. #.# #..#
#.# #.# #.####..# #.#
#.# #.##...>#####.# #.#
#..<....).....# #.#
####.##.####### #.####
#.##.###########.#...
#.##...............##
#.###############.##


You could see an orc priest.

Vanquished Creatures
  An orc wizard (D:2)
  A dart slug (D:2)
  An orc (D:1)
  5 ball pythons (D:1)
  3 endoplasms
  2 giant cockroaches
  3 goblins (D:1)
  4 hobgoblins (D:2)
  2 jackals
  3 quokkas
  2 bats
  4 frilled lizards
  5 kobolds (D:1)
  A rat (D:1)
37 creatures vanquished.

Notes
Turn   | Place    | Note
-------+----------+-------------------------------------------
     0 | D:1      | Delamore the Felid Transmuter began the quest for the Orb.
     0 | D:1      | Reached XP level 1. HP: 9/9 MP: 4/4
   399 | D:1      | Reached skill level 1 in Stealth
   565 | D:1      | Found a faded altar of an unknown god.
   635 | D:1      | Reached XP level 2. HP: 12/12 MP: 6/6
  1505 | D:2      | Reached XP level 3. HP: 8/15 MP: 7/7
  2370 | D:2      | Slain by an orc priest

Illustrated notes

Levels and vault maps discovered:
D:1:      nagdon_arrival_double_spiral, layout_loops_corners,
          hellmonk_ecumenical_altar_arch_garden, serial_bayou_pond_d,
          serial_park_tiny_1
D:2:      layout_loops_ring

Skill      XL: |  1  2  3 |
---------------+----------+-----
Stealth        | 1 2 3 |  3.4
Dodging        | 3 |  3.7
Fighting       | |  1.0
Unarmed Combat | |  3.5
Spellcasting   | |  2.0
Transmutations | |  2.1

Action                   || total
-------------------------++-------
Melee: Unarmed           ||    98
       Bite              ||     5
       Punch             ||     2
 Cast: Beastly Appendage ||     1
  Use: Scroll            ||     1
       Potion            ||     1
 Stab: Sleeping          ||     6
Armor: Skin              ||     6
Dodge: Dodged            ||    71
